Map: Cyber Forest LE

Players

Piroxiljin

  • Race: Terran Terran
  • Spawn Location: 5:00

VOD

Have the link to the VOD?

Description

Time

  • Played on: Jan. 27, 2019, 3:33 a.m.
  • Length: 21:08
Show
View Real Time Build Order
Export as new Build Order

Piroxiljin Terran 

Build Orders:  

Get SALT Encoding   

  12  0:02  SCV  
  13  0:21  SCV  
  13  0:26  Supply Depot  
  14  0:43  Refinery  
  14  0:46  SCV  
  15  1:04  Barracks  
  15  1:10  SCV  
  16  1:27  SCV  
  17  1:43  SCV  
  18  2:00  SCV  
  19  2:13  Supply Depot  
  19  2:30  Factory  
  19  2:36  Barracks Tech Lab  
  20  2:41  Orbital Command  
  18  3:48  Barracks Tech Lab  
  18  3:52  Refinery  
  18  3:56  SCV  
  19  4:13  SCV  
  19  4:18  Siege Tank  
  23  4:25  Barracks  
  23  4:34  Marauder  
  23  4:36  Concussive Shells  
  25  4:44  SCV  
  26  5:01  SCV  
  26  5:03  Cyclone  
  30  5:44  Supply Depot  
  30  5:45  Supply Depot  
  30  5:48  Supply Depot  
  30  5:54  Command Center  
  30  6:09  Factory  
  30  6:11  Barracks Tech Lab  
  30  6:22  Unknown  
  30  6:34  SCV  
  31  6:47  Marine  
  32  6:51  SCV  
  33  7:08  SCV  
  33  7:09  Supply Depot  
  34  7:10  Supply Depot  
  34  7:19  Armory  
  34  7:25  SCV  
  35  7:38  Barracks Tech Lab  
  35  7:43  Siege Tank  
  35  7:45  Marauder  
  37  8:15  Unknown  
  33  8:48  Siege Tank  
  33  8:59  SCV  
  34  9:10  Engineering Bay  
  34  9:11  Marine  
  34  9:12  Marine  
  34  9:14  Cyclone  
  34  9:15  Cyclone  
  34  9:16  SCV  
  43  9:33  SCV  
  43  9:36  Marauder  
  46  9:44  Drilling Claws  
  46  9:49  Widow Mine  
  46  9:55  Marine  
  46  9:59  Hellion  
  49  10:06  Marine  
  52  10:12  SCV  
  52  10:19  Widow Mine  
  48  10:20  Marauder  
  48  10:28  SCV  
  51  10:31  Marauder  
  53  10:41  Siege Tank  
  53  10:45  SCV  
  57  11:02  SCV  
  58  11:16  Refinery x2  
  58  11:19  Terran Infantry Weapons Level 1  
  58  11:31  Engineering Bay  
  58  11:41  Unknown  
  58  12:09  Armory  
  58  12:12  SCV  
  59  12:27  Thor  
  59  12:29  SCV  
  62  12:46  SCV  
  63  12:55  Missile Turret  
  63  12:58  Siege Tank  
  63  13:05  Missile Turret  
  63  13:07  Cyclone  
  66  13:16  Armory  
  66  13:26  Barracks  
  66  13:27  Cyclone  
  57  13:48  Marauder, Marine  
  60  13:52  Siege Tank  
  63  14:12  Cyclone  
  63  14:13  Marine  
  67  14:26  SCV  
  68  14:37  Siege Tank  
  68  14:38  Terran Vehicle Weapons Level 1  
  71  14:40  Terran Vehicle And Ship Armor Level 1  
  71  14:42  Terran Infantry Armor Level 1  
  71  14:43  SCV  
  72  14:53  Missile Turret  
  72  14:54  Starport  
  72  14:57  Barracks Tech Lab  
  72  15:00  SCV  
  73  15:24  Command Center  
  73  15:59  Missile Turret  
  73  16:11  Siege Tank  
  73  16:12  Siege Tank  
  79  16:44  Orbital Command  
  79  16:47  SCV  
  80  16:56  Cyclone  
  80  16:58  Barracks Tech Lab  
  83  17:04  SCV  
  84  17:21  SCV  
  84  17:27  Terran Infantry Weapons Level 2  
  85  17:32  Terran Infantry Armor Level 2  
  85  17:34  Terran Vehicle Weapons Level 2  
  85  17:35  Terran Vehicle And Ship Armor Level 2  
  85  17:37  Terran Ship Weapons Level 1  
  85  17:41  Raven  
  87  18:07  Siege Tank  
  87  18:15  Siege Tank  
  87  18:34  SCV  
  87  18:35  SCV x2  
  90  18:40  Refinery  
  90  18:42  Cyclone x2  
  94  19:18  Siege Tank x3  
  94  19:28  Siege Tank x2  
  55  20:13  Siege Tank  
Tags
 
Add a new tag
Caveats
  • Supply blocks, unpowered buildings, or Contaminate may cause inaccurate times.
  • Supply counts are checked every 10 seconds.